 Dungeon Crawl Stone Soup version 0.29.0-5-ge4962eb29e (webtiles) character file.

Game seed: 7773699584713254724

256 Arum the Shield-Bearer (level 6, -5/50 HPs)
             Began as a Formicid Fighter on Aug 28, 2022.
             Was an Initiate of Gozag.
             Slain by a polar bear (23 damage)
             ... created by the rage of Trog
             ... on level 4 of the Dungeon.
             The game lasted 00:05:03 (3011 turns).

Arum the Shield-Bearer (Formicid Fighter)           Turns: 3011, Time: 00:05:04

Health: -5/50      AC:  7    Str: 23    XL:     6   Next: 38%
Magic:  6/6        EV:  9    Int: 13    God:    Gozag
Gold:   125        SH:  5    Dex: 13    Spells: 5/5 levels left

rFire   . . .      SeeInvis +   a - +0 quarterstaff
rCold   . . .      Faith    .   c - +0 buckler
rNeg    . . .      Spirit   .   b - +0 scale mail
rPois   .          Reflect  .   (helmet unavailable)
rElec   .          Harm     .   (no cloak)
rCorr   .          Rampage  .   (no gloves)
Will    .....                   (no boots)
Stlth   ..........              (no amulet)
HPRegen 0.16/turn               e - +6 ring of intelligence
MPRegen 0.10/turn               (no ring)

@: no status effects
A: permanent stasis, dig shafts and tunnels, antennae 3, four strong arms
a: Dig, Shaft Self, Renounce Religion, Potion Petition, Call Merchant, Bribe
Branch


You were on level 4 of the Dungeon.
You worshipped Gozag.
Gozag was aware of your devotion.
You visited 1 branch of the dungeon, and saw 4 of its levels.

You collected 230 gold pieces.
You spent 25 gold pieces at shops.
You paid 80 gold pieces to Gozag.

Inventory:

Hand Weapons
 a - a +0 quarterstaff (weapon)
Armour
 b - a +0 scale mail (worn)
 c - a +0 buckler (worn)
Jewellery
 e - a +6 ring of intelligence (left hand)
Scrolls
 f - 2 scrolls of amnesia {unknown}
 i - 2 scrolls of silence {unknown}
 k - a scroll of immolation {unknown}
 l - 2 scrolls of identify {unknown}
 m - 2 scrolls of fear
 n - a scroll of enchant weapon {unknown}
 p - a scroll of blinking {unknown}
Potions
 d - a potion of might
 g - 2 potions of lignification {unknown}
 h - 2 potions of flight {unknown}
 j - 2 potions of curing {unknown}
 o - a potion of heal wounds {unknown}
 q - 2 potions of brilliance {unknown}
 r - a potion of degeneration {unknown}


   Skills:
 + Level 4.8 Fighting
 + Level 3.6 Staves
 + Level 4.8 Armour
 - Level 5.0 Shields


You had 5 spell levels left.
You didn't know any spells.
Your spell library was empty.

Dungeon Overview and Level Annotations

Branches:
Dungeon (4/15)
 Temple: D:4-7

Altars:
Gozag
Nemelex Xobeh
Vehumet
Xom

Shops:
D:1 **(:(


Innate Abilities, Weirdness & Mutations

You cannot be hasted, slowed, berserked, paralysed or teleported.
You can dig through walls and to a lower floor.
You have a pair of large antennae on your head. (SInv)
Your four strong arms can wield two-handed weapons with a shield.


Message History

Found a short sword.
The kobold shouts!
No reachable target in view!
No reachable target in view!
A kobold is nearby!
A kobold is nearby!
A kobold is nearby!
No reachable target in view!
No reachable target in view!
Nemelex Xobeh makes you draw from the deck of Punishment.
You draw a card...
You have drawn Wrath.
Trog sends monsters to punish you. 5 black bears and a polar bear come into view.
You hit the black bear.
The black bear is lightly wounded.
You barely miss the black bear.
The black bear is lightly wounded.
The kobold throws a stone.
The stone hits you but does no damage.
The polar bear rages.
The black bear bites you. The black bear claws you.
The black bear barely misses you. The black bear completely misses you.
The black bear misses you. The black bear barely misses you.
As you read the scroll of fear, it crumbles to dust.
You assume a fearsome visage.
The black bear is unaffected. x3
The kobold looks frightened!
The black bear is unaffected. x2
The polar bear is unaffected.
The black bear bites you! You block the black bear's attack. x2
The black bear bites you but does no damage.
The black bear closely misses you. You block the black bear's attack.
The black bear barely misses you.
The black bear claws you but does no damage.
The black bear claws you. The black bear barely misses you. x3
The polar bear barely misses you. The polar bear claws you.
The polar bear claws you but does no damage.
The black bear misses you. The black bear claws you. x2
The black bear bites you.
The black bear claws you but does no damage. x2
The polar bear bites you!!
You die...
Your body crumbles into a pile of gold.

###########
#..........
#######..≈≈§≈≈≈≈.
##...#.#.≈≈≈≈§§...
.##........≈§K§§..8.
...........≈≈§≈≈≈...
...........h≈≈≈≈≈≈≈.
........#..h@h......
.......<###hhh......
.......## #..##.....
#..##.. ..## .... ..
.... ...$ ... .
..#.. ...#. .. $
#..#...... #. . #.
#....). # . ...


You could see a polar bear (berserk), 5 black bears and a kobold (fleeing).

Vanquished Creatures
  2 hounds
  Terence (D:2)
  Jessica (D:2)
  Robin (D:2)
  3 gnolls (D:3)
  An adder (D:2)
  A worm (D:3)
  2 dart slugs
  An orc (D:3)
  7 bats
  7 endoplasms
  3 giant cockroaches
  12 goblins
  14 hobgoblins
  A jackal (D:2)
  7 kobolds
  4 quokkas
  5 ball pythons
  5 frilled lizards
  4 rats
82 creatures vanquished.

Notes
Turn   | Place    | Note
-------+----------+-------------------------------------------
     0 | D:1      | Arum the Formicid Fighter began the quest for the Orb.
     0 | D:1      | Reached XP level 1. HP: 18/18 MP: 1/1
     8 | D:1      | Found Deonliy's Book Shop.
    12 | D:1      | Found Niwi's Weapon Emporium.
    53 | D:1      | Found Vugill's Weapon Shoppe.
   261 | D:1      | Reached XP level 2. HP: 20/24 MP: 2/2
   536 | D:1      | Reached XP level 3. HP: 27/29 MP: 3/3
   579 | D:1      | Found Suaroik's Assorted Antiques.
   597 | D:1      | Bought a scroll labelled GIMMI JUIPAPU for 25 gold pieces
   877 | D:1      | Found Qainlaad's Assorted Antiques.
  1095 | D:2      | Noticed Jessica
  1100 | D:2      | Killed Jessica
  1101 | D:2      | Reached XP level 4. HP: 37/37 MP: 4/4
  1158 | D:2      | Noticed Robin
  1189 | D:2      | Killed Robin
  1195 | D:2      | Found a faded altar of an unknown god.
  1197 | D:2      | Noticed an eye of devastation
  1197 | D:2      | Noticed a floating eye
  1198 | D:2      | Noticed a shining eye
  1198 | D:2      | Noticed a golden eye
  1220 | D:2      | Prayed at the altar of an unknown god.
  1220 | D:2      | Became a worshipper of Nemelex Xobeh the Trickster
  1220 | D:2      | Reached * piety under Nemelex Xobeh
  1223 | D:2      | Received a gift from Nemelex Xobeh
  1320 | D:2      | Noticed Terence
  1334 | D:2      | Killed Terence
  1335 | D:2      | Reached XP level 5. HP: 32/42 MP: 5/5
  1342 | D:2      | Reached skill level 5 in Shields
  2152 | D:3      | Found a shimmering altar of Xom.
  2267 | D:3      | Reached ** piety under Nemelex Xobeh
  2369 | D:3      | Reached XP level 6. HP: 27/49 MP: 6/6
  2660 | D:3      | Found an opulent altar of Gozag.
  2928 | D:3      | Fell from the grace of Nemelex Xobeh
  2928 | D:3      | Became a worshipper of Gozag Ym Sagoz the Greedy
  2952 | D:4      | Noticed a black bear
  3000 | D:4      | Found a radiant altar of Vehumet.
  3009 | D:4      | Noticed a black bear
  3009 | D:4      | Noticed a black bear
  3009 | D:4      | Noticed a black bear
  3009 | D:4      | Noticed a black bear
  3009 | D:4      | Noticed a black bear
  3009 | D:4      | Noticed a polar bear
  3011 | D:4      | Slain by a polar bear

Illustrated notes

Levels and vault maps discovered:
D:1:      saegor_arrival_under_anarchy, layout_basic, serial_shops, shop,
          nicolae_shop_waterfront, nicolae_shop_overgrown_old_shop, shop,
          nicolae_shop_bloodbath_and_beyond, chequers_serial_rivers_small_3,
          minmay_tetromino_o4
D:2:      layout_basic, hellmonk_ecumenical_altar_watching_god,
          minmay_stone_trees_small, st_stairs_1, uniq_terence, uniq_jessica,
          uniq_robin
D:3:      layout_basic, mainiacjoe_overflow_alcove_1, overflow_temple_1_default,
          dreamdust_wishing_well, st_stairs_3
D:4:      layout_cave_pools, mainiacjoe_overflow_catwalk

Skill      XL: |  1  2  3  4  5 |
---------------+----------------+-----
Fighting       | 4 |  4.8
Armour         | 4 |  4.8
Staves         | 3 |  3.6
Shields        | 5 |  5.0

Action                   |  1- 3 |  4- 6 || total
-------------------------+-------+-------++-------
Melee: Quarterstaff      |    71 |   159 ||   230
 Abil: Dig               |     2 |     1 ||     3
  Use: Scroll            |     1 |     1 ||     2
 Stab: Distracted        |       |     1 ||     1
Armor: Scale mail        |    38 |    61 ||    99
Dodge: Dodged            |    34 |    81 ||   115
Block: Buckler           |    12 |    39 ||    51
